 Dungeon Sprint DCSS version 0.27.1-2-g3b301248ec (webtiles) character file.

Game seed: 16037904610450468197

2291 boopmooplesden the Blocker (level 9, -18/99 HPs)
             Began as a Minotaur Fighter on Sept 22, 2021.
             Was a Follower of Okawaru.
             Succumbed to a death drake's dark miasma
             ... in the Dungeon (Sprint II: "The Violet Keep of Menkaure").
             The game lasted 00:03:34 (1812 turns).

boopmooplesden the Blocker (Minotaur Fighter)       Turns: 1812, Time: 00:03:35

Health: -18/99     AC: 11    Str: 24 (25) XL:     9   Next: 17%
Magic:  6/7        EV: 10    Int:  2 (5)  God:    Okawaru [*.....]
Gold:   155        SH: 18    Dex:  7      Spells: 8/8 levels left

rFire    . . .     SeeInvis +   a - +0 war axe
rCold    . . .     Faith    .   c - +0 kite shield
rNeg     . . .     Spirit   .   b - +0 scale mail
rPois    .         Reflect  +   (helmet restricted)
rElec    .         Harm     .   (no cloak)
rCorr    .         Rampage  .   (no gloves)
Will     .....     NoTele   +   (no boots)
Stlth    ..........             i - amulet "Var Agur" {Reflect SH+5 SInv}
HPRegen  0.26/turn              (no ring)
MPRegen  0.10/turn              (no ring)

@: lethally poisoned (-18 -> -82), unable to read, slowed, very slow
A: horns 2, retaliatory headbutt, iridescent scales 1, clumsy 1, deterioration
2, low mp 1, robust 1, inability to read while threatened
a: Renounce Religion, Heroism


You were in the Dungeon.
You worshipped Okawaru.
Okawaru was aware of your devotion.
You visited 1 branch You collected 567 gold pieces.
You spent 412 gold pieces at shops.

Inventory:

Hand Weapons
 a - a +0 war axe (weapon)
Armour
 b - a +0 scale mail (worn)
 c - a +0 kite shield (worn)
Jewellery
 i - the amulet "Var Agur" (around neck) {Reflect SH+5 SInv}
   (You bought it in a shop in the Dungeon)

   [amulet of reflection]

   It reflects blocked missile attacks.
   SInv:      It lets you see invisible.
   SH:        It affects your SH (+5).
Scrolls
 j - a scroll of blinking
Potions
 e - a potion of curing
 f - a potion of heal wounds
 h - 2 potions of magic


   Skills:
 + Level 12.2 Fighting
 + Level 12.1 Axes
 + Level 12.3 Armour
 + Level 4.2 Dodging
 + Level 0.5 Stealth
 + Level 13.2 Shields


You had 8 spell levels left.
You didn't know any spells.
Your spell library was empty.

Dungeon Overview and Level Annotations

Branches:
Dungeon (1/1)

Altars:
Cheibriados
Dithmenos
Elyvilon
Fedhas
Gozag
Hepliaklqana
Kikubaaqudgha
Makhleb
Nemelex Xobeh
Okawaru
Qazlal
Ru
Sif Muna
Trog
Uskayaw
Vehumet
Wu Jian
Xom
Yredelemnul
Zin
The Shining One
Beogh
Jiyva
Lugonu

Shops:
D (:[[!?==[!(?:?:

Annotations:
D exclusion: oklob plant


Innate Abilities, Weirdness & Mutations

You have a pair of horns on your head.
You reflexively headbutt those who attack you in melee.
You are partially covered in iridescent scales. (AC +2)
You are clumsy. (Dex -2)
Your body often deteriorates upon taking damage.
Your magical capacity is low. (-10% MP)
You are robust. (+10% HP)
You sometimes lose the ability to read scrolls when taking damage.


Message History

You closely miss the death drake.
The death drake is lightly wounded.
You feel very sick.
The death drake bites you but does no damage.
The swamp drake breathes poison at you.
The noxious blast engulfs the death drake but does no damage.
You block the death drake's attack.
You hit the death drake but do no damage.
You headbutt the death drake, but do no damage.
The death drake is lightly wounded.
You are engulfed in noxious fumes.
You feel very sick.
The death drake bites you but does no damage.
You closely miss the death drake.
The death drake is lightly wounded.
You are engulfed in noxious fumes.
You choke on the stench!
You are confused.
You feel sick. The death drake breathes miasma at you.
The foul vapour engulfs you.
You are lethally poisoned!
You bump into the stone wall.
You feel like a meek peon again.
* * * LOW HITPOINT WARNING * * *
You feel extremely sick. The death drake bites you!
* * * LOW HITPOINT WARNING * * *
The death drake breathes miasma at you. The foul vapour engulfs you!
You are more poisoned.
You feel threatened and lose the ability to read scrolls!
* * * LOW HITPOINT WARNING * * *
Your body deteriorates!
You feel dopey.
The swamp drake is engulfed in dark miasma.
The swamp drake is poisoned.
You bump into the stone wall.
You are engulfed in dark miasma.
You are more poisoned.
You feel as though you will be slow longer.
You feel less confused.
You die...

++ ... .. k #.. #. 8 ##.####
+^##. "▓?!(?)$$$▓▓ #.#....#
..k####▓?((!)$!)▓▓ .####..##
#..##°#▓$$$)$??!▓▓ ###.##..#
+^.#°°#▓$(((=([$▓▓ ##.###..#
#..#°°#▓$!!?$$!$▓▓
.'##.'..####..##@#▓$[?$)!!(▓▓
##...#....###°kk##▓▓▓▓▓▓▓+▓▓▓▓+
###.##......≈≈°°°≈≈≈≈≈§≈≈..wXw≈
B####§≈..§..≈#'########§###.w≈≈
..#≈≈≈≈§≈≈.§≈#_(_.....#≈§≈# ≈
.##≈≈§≈≈≈§§.≈#._._....#§§≈≈#
##≈≈≈≈≈≈≈§§§≈#_._._...#≈§§≈≈#
≈≈≈≈≈§≈≈§§≈≈#._._._..#§§§§§§#
++#≈§≈≈§≈§≈≈#_._._._.#§≈§≈§§+


You could see a death drake (catching breath) and a swamp drake (poisoned).

Vanquished Creatures
  A yaktaur (D)
  3 polar bears (D)
  A hornet (D)
  2 wyverns (D)
  4 neqoxecs (D)
  A vampire mosquito (D)
  3 water moccasins (D)
  3 worms (D)
18 creatures vanquished.

Vanquished Creatures (others)
  Menkaure (D)
  A water moccasin (D)
  12 tentacles (D)
14 creatures vanquished.

Grand Total: 32 creatures vanquished

Notes
Turn   | Place    | Note
-------+----------+-------------------------------------------
     0 | D        | boopmooplesden the Minotaur Fighter began the quest for the
                  | Orb.
     0 | D        | Reached XP level 1. HP: 19/19 MP: 0/0
     1 | D        | Noticed a neqoxec
     1 | D        | Noticed a neqoxec
     1 | D        | Noticed a neqoxec
     1 | D        | Noticed a neqoxec
     4 | D        | Gained mutation: You are partially covered in iridescent
                  | scales. (AC +2) [a neqoxec]
     7 | D        | Killed a neqoxec
     8 | D        | Reached skill level 7 in Shields
     8 | D        | Reached XP level 2. HP: 19/34 MP: 1/1
     8 | D        | Reached XP level 3. HP: 22/39 MP: 2/2
     8 | D        | Reached XP level 4. HP: 26/47 MP: 3/3
    10 | D        | Gained mutation: Your body sometimes deteriorates upon
                  | taking damage. [a neqoxec]
    12 | D        | Killed a neqoxec
    13 | D        | Reached skill level 5 in Axes
    13 | D        | Reached skill level 8 in Shields
    13 | D        | Reached XP level 5. HP: 33/56 MP: 4/4
    21 | D        | Gained mutation: Your body often deteriorates upon taking
                  | damage. [a neqoxec]
    25 | D        | Lost intelligence.
    26 | D        | Killed a water moccasin
    29 | D        | Gained mutation: Your magical capacity is low. (-10% MP) [a
                  | neqoxec]
    30 | D        | Killed a neqoxec
    31 | D        | Reached skill level 9 in Shields
    31 | D        | Reached XP level 6. HP: 6/66 MP: 4/4
    31 | D        | Gained mutation: You are clumsy. (Dex -2) [a neqoxec]
    32 | D        | Gained mutation: You are robust. (+10% HP) [a neqoxec]
    32 | D        | Gained mutation: You sometimes lose the ability to read
                  | scrolls when taking damage. [a neqoxec]
    34 | D        | Killed a neqoxec
    35 | D        | Reached skill level 10 in Fighting
    35 | D        | Reached skill level 10 in Armour
    35 | D        | Reached skill level 1 in Dodging
    35 | D        | Reached skill level 10 in Shields
   298 | D        | Reached XP level 7. HP: 74/79 MP: 5/5
   307 | D        | Noticed a wyvern
   307 | D        | Noticed a wyvern
   314 | D        | Killed a wyvern
   319 | D        | Killed a wyvern
   511 | D        | Noticed a boulder beetle
   511 | D        | Noticed a boulder beetle
   524 | D        | Found Utoag's Book Emporium.
   524 | D        | Found Paxelail's Book Emporium.
   524 | D        | Found Ypsebuir's Distillery.
   524 | D        | Found Ymofic's Magic Scroll Shoppe.
   524 | D        | Found Buduiton's Magic Scroll Shoppe.
   524 | D        | Found Hagonic's Antique Armour Emporium.
   524 | D        | Found Weodd's Jewellery Shoppe.
   525 | D        | Found Qofesus's Magic Scroll Shoppe.
   525 | D        | Found Haonettyi's Weapon Emporium.
   525 | D        | Found Uxir's Jewellery Emporium.
   525 | D        | Found Gepafoceo's Distillery.
   525 | D        | Noticed a fire dragon
   748 | D        | Killed Menkaure
   751 | D        | Noticed a vampire mosquito
   757 | D        | Killed a vampire mosquito
   758 | D        | Reached skill level 11 in Shields
   758 | D        | Reached XP level 8. HP: 90/90 MP: 6/6
   767 | D        | Found Byogomu's Armour Shoppe.
   767 | D        | Found Wiorel's Antique Armour Emporium.
   767 | D        | Noticed an oklob plant
   768 | D        | Found Meipizao's Antique Weapon Shoppe.
   768 | D        | Found Qoisimm's Book Shoppe.
   774 | D        | Bought the amulet "Var Agur" {Reflect SH+5 SInv} for 412
                  | gold pieces
   779 | D        | Noticed an unseen horror
   779 | D        | Noticed an unseen horror
   824 | D        | Found an iron altar of Okawaru.
   824 | D        | Found a radiant altar of Vehumet.
   825 | D        | Found a sparkling altar of Nemelex Xobeh.
   825 | D        | Found a hide-covered altar of Uskayaw.
   825 | D        | Found a glowing silver altar of Zin.
   826 | D        | Found an opulent altar of Gozag.
   826 | D        | Found a burning altar of Makhleb.
   826 | D        | Found a bloodstained altar of Trog.
   827 | D        | Found a blossoming altar of Fedhas.
   827 | D        | Found a corrupted altar of Lugonu.
   827 | D        | Found a basalt altar of Yredelemnul.
   827 | D        | Found a shimmering blue altar of Sif Muna.
   828 | D        | Found a white marble altar of Elyvilon.
   828 | D        | Found an ancient bone altar of Kikubaaqudgha.
   829 | D        | Found a shadowy altar of Dithmenos.
   829 | D        | Found a viscous altar of Jiyva.
   830 | D        | Found a snail-covered altar of Cheibriados.
   831 | D        | Found a shimmering altar of Xom.
   831 | D        | Found a sacrificial altar of Ru.
   831 | D        | Found a hazy altar of Hepliaklqana.
   831 | D        | Noticed a hornet
   831 | D        | Noticed a polar bear
   831 | D        | Noticed a polar bear
   831 | D        | Noticed a polar bear
   832 | D        | Found a glowing golden altar of the Shining One.
   832 | D        | Found an ornate altar of the Wu Jian Council.
   832 | D        | Found a stormy altar of Qazlal.
   832 | D        | Noticed a yaktaur
   833 | D        | Became a worshipper of Warmaster Okawaru
   844 | D        | Killed a polar bear
   845 | D        | Reached skill level 10 in Axes
   851 | D        | Killed a hornet
   854 | D        | Killed a polar bear
   855 | D        | Reached skill level 12 in Shields
   858 | D        | Killed a yaktaur
   858 | D        | Reached * piety under Okawaru
   870 | D        | Killed a polar bear
   871 | D        | Reached XP level 9. HP: 11/99 MP: 7/7
  1321 | D        | Noticed a kraken
  1337 | D        | Reached skill level 13 in Shields
  1795 | D        | Noticed a death drake
  1795 | D        | Noticed a crystal guardian
  1811 | D        | HP: 2/99 [death drake/foul vapour (15)]
  1812 | D        | Succumbed to a death drake's dark miasma

Illustrated notes

Levels and vault maps discovered:
D:        the_violet_keep_of_menkaure [sprint2_stairs_cluster_1,
          sprint2_shoproom, sprint2_temple, sprint2_basic_supplies,
          sprint2_obstacle_4, sprint2_obstacle_2, sprint2_obstacle_1,
          sprint2_obstacle_7, sprint2_obstacle_6, sprint2_timed_cluster_1,
          sprint2_smallroom_cluster_1, sprint2_smallroom_final_cluster_1,
          sprint2_transparent_cluster_1, sprint2_second_timed_cluster_1,
          sprint2_sniper_area_1, sprint2_heavy_combat_area_1,
          sprint2_mutation_trap_area_1, sprint2_forest_area_1,
          sprint2_light_combat_area_1, sprint2_behind_water_1,
          sprint2_near_end_vault_1]

Skill      XL: |  1  2  3  4  5  6  7  8  9 |
---------------+----------------------------+-----
Fighting       | 7 8 9 10 11 12 | 12.2
Axes           | 4 5 6 7 9 11 12 | 12.1
Armour         | 7 8 9 10 11 12 | 12.3
Shields        | 7 8 9 10 11 12 13 | 13.2
Dodging        | 1 2 4 |  4.2
Stealth        | |  0.5

Action                   |  1- 3 |  4- 6 |  7- 9 || total
-------------------------+-------+-------+-------++-------
Melee: War axe           |     5 |    28 |    81 ||   114
       Headbutt          |     1 |     8 |     8 ||    17
Invok: Heroism           |       |       |     1 ||     1
  Use: Potion            |     1 |     1 |     1 ||     3
       Scroll            |       |       |     1 ||     1
Armor: Scale mail        |       |     6 |    39 ||    45
Dodge: Dodged            |       |     3 |    35 ||    38
Block: Kite shield       |     1 |    11 |    94 ||   106
